 Dungeon Sprint DCSS version 0.28-a0-1387-g3a22ab9bdc (webtiles) character file.

Game seed: 14105594224972057471

13 mhtbhm the Covert (level 2, 0/22 HPs)
             Began as a Spriggan Brigand on Jan 2, 2022.
             Succumbed to a water moccasin's poison
             ... in the Dungeon (Sprint IX: "|||||||||||||||||||||||||||||").
             The game lasted 00:00:43 (331 turns).

mhtbhm the Covert (Spriggan Brigand)                 Turns: 331, Time: 00:00:44

Health: 0/22       AC:  3    Str:  7    XL:     2   Next: 24%
Magic:  3/3        EV: 16    Int: 12    God:
Gold:   0          SH:  0    Dex: 16    Spells: 1/1 levels left

rFire   . . .      SeeInvis +   a - +2 dagger
rCold   . . .      Faith    .   (no shield)
rNeg    . . .      Spirit   .   b - +0 robe
rPois   .          Reflect  .   (helmet restricted)
rElec   .          Harm     .   c - +0 cloak
rCorr   .          Rampage  .   (gloves unavailable)
Will    .....      NoTele   +   (boots unavailable)
Stlth   ..........              (no amulet)
HPRegen 0.07/turn               (no ring)
MPRegen 0.08/turn               (no ring)

@: berserking, lethally poisoned (0 -> -28), very quick
A: very small, no large weapons, unfitting armour, see invisible, speed 3
a: no special abilities


You were in the Dungeon.
You visited 1 branch

Inventory:

Hand Weapons
 a - a +2 dagger (weapon)
Missiles
 d - 5 poisoned darts
 e - a curare-tipped dart (quivered)
Armour
 b - a +0 robe (worn)
 c - a +0 cloak (worn)
Scrolls
 k - a scroll of blinking
Potions
 g - a potion of heal wounds
 h - a potion of haste
 i - 2 potions of magic


   Skills:
 + Level 2.1 Fighting
 + Level 2.6 Short Blades
 + Level 2.2 Throwing
 + Level 1.7 Dodging
 + Level 8.4 Stealth


You had one spell level left.
You didn't know any spells.
Your spell library was empty.

Dungeon Overview and Level Annotations

Branches:
Dungeon (1/1)

Altars:


Innate Abilities, Weirdness & Mutations

You are very small and have problems with some larger weapons.
You are too small for most types of armour.
You have supernaturally acute eyesight. (SInv)
You cover ground extremely quickly. (Speed+++)


Message History

Aim: a water moccasin (44% to hit)
You throw a poisoned dart.
The poisoned dart hits the water moccasin.
The water moccasin bites you. The water moccasin bites you!
Ouch! That really hurt!
* * * LOW HITPOINT WARNING * * *
Throw: 6 darts (poison)
Press: ? - help, Q - select action, (/) - cycle Shift-Dir - straight line, f/p - water moccasin
Aim: a water moccasin (44% to hit)
You throw a poisoned dart.
The poisoned dart hits the water moccasin.
The ogre looks more healthy.
There is an open door to the Dungeon here.
There is a staircase leading out of the dungeon here.
You feel better. The water moccasin barely misses you.
Okay, then.
Throw: 2 darts (curare)
Press: ? - help, Q - select action, (/) - cycle Shift-Dir - straight line, f/p - water moccasin
Aim: a water moccasin (44% to hit)
You throw a curare-tipped dart.
The curare-tipped dart hits the water moccasin.
The water moccasin closely misses you.
A red film seems to cover your vision as you go berserk!
You feel yourself moving faster!
You feel mighty! The water moccasin bites you.
You are lethally poisoned!
The water moccasin poisons you!
You barely miss the water moccasin.
You feel very sick. The water moccasin bites you.
You are more poisoned.
The water moccasin poisons you!
You puncture the water moccasin!
The water moccasin is moderately wounded.
* * * LOW HITPOINT WARNING * * *
You feel very sick. The water moccasin closely misses you.
Unknown command.
You hit the water moccasin.
The water moccasin is heavily wounded.
You die...

▓.▓
▓(▓
▓.▓
▓.▓
▓s▓
▓.▓
▓O▓
▓S▓
▓@▓
▓▓▓


You could see a water moccasin, an ogre and a scorpion.

Vanquished Creatures
  A worm (D)
  A dart slug (D)
  A bat (D)
  An endoplasm (D)
  3 giant cockroaches (D)
7 creatures vanquished.

Notes
Turn   | Place    | Note
-------+----------+-------------------------------------------
     0 | D        | mhtbhm the Spriggan Brigand began the quest for the Orb.
     0 | D        | Reached XP level 1. HP: 10/10 MP: 2/2
    11 | D        | Reached skill level 6 in Stealth
    16 | D        | Reached skill level 7 in Stealth
   307 | D        | Noticed a scorpion
   307 | D        | Noticed an ogre
   307 | D        | Noticed a water moccasin
   310 | D        | Reached skill level 8 in Stealth
   310 | D        | Reached XP level 2. HP: 15/15 MP: 3/3
   331 | D        | Succumbed to a water moccasin's poison

Illustrated notes

Levels and vault maps discovered:
D:        linesprint [early_d, line_temple, items_1, d_10, items_2, lair_1,
          lair_end, items_3, orc_1, orc_end, items_4, d_15, swamp_1, shoals_1,
          snake_1, spider_1, d_20, vaults_1, items_5, swamp_end, shoals_end,
          snake_end, spider_end, vaults_end, d_27, items_6, zot_1, zot_end,
          crypt_end, forest_end, elf_end, slime_end, tomb_end, abyss_end,
          pan_hell_end]

Skill      XL: |  1 |
---------------+----+-----
Stealth        | 8 |  8.4
Fighting       | 2 |  2.1
Short Blades   | |  2.6
Throwing       | |  2.2
Dodging        | |  1.7

Action                   || total
-------------------------++-------
Melee: Dagger            ||    31
Throw: Dart              ||     7
  Use: Potion            ||     2
 Stab: Sleeping          ||     2
Armor: Robe              ||    10
Dodge: Dodged            ||    28

Table legend: (Time is in decaauts)
 A = Elapsed time spent in this place.
 B = Non-inter-level travel time spent in this place.
 C = Inter-level travel time spent in this place.
 D = Time resting spent in this place.
 E = Time spent auto-exploring this place.
 F = Levels seen in this place.
 G = Mean time per level.
                   A        B        C        D        E       F      G
               +--------+--------+--------+--------+--------+-----+--------+
         Total |    308 |    308 |      0 |    241 |      1 |   1 |  308.0 |
       Dungeon |    308 |    308 |      0 |    241 |      1 |   1 |  308.0 |
               +--------+--------+--------+--------+--------+-----+--------+

Top non-repeatable levels by time:
       D: 308 daAuts
